 Dungeon Crawl Stone Soup version 0.30-a0-824-g6c64550be9 (webtiles) character file.

Game seed: 502313422329148790

212634 Nacht the Lord of Darkness (level 17, -4/125 HPs)
             Began as a Demonspawn Necromancer on Feb 27, 2023.
             Was the Champion of Kikubaaqudgha.
             Slain by a troll (9 damage)
             ... on level 2 of the Orcish Mines.
             The game lasted 01:39:18 (46295 turns).

Nacht the Lord of Darkness (DsNe)                  Turns: 46295, Time: 01:39:19

Health: -4/125     AC: 14    Str: 13    XL:     17   Next: 78%
Magic:  4/39       EV: 13    Int: 39    God:    Kikubaaqudgha [******]
Gold:   2927       SH:  0    Dex: 10    Spells: 0/52 levels left

rFire   + + .      SeeInvis +    b - staff of death
rCold   + + +      Faith    .    (no shield)
rNeg    + . .      Spirit   .    w - +2 robe {rC+}
rPois   .          Reflect  .    (helmet restricted)
rElec   .          Harm     .    f - +2 cloak of Limp {rC+}
rCorr   +          Rampage  .    C - +0 pair of gloves {infuse}
Will    +....                    N - +2 pair of boots of a Million Friends {Int+3 SInv}
Stlth   ++                       L - amulet of regeneration
HPRegen 1.20/turn                V - ring "Zivari Zipn" {Fly rF++ Str+4 Int+6 Dex-3}
MPRegen 0.26/turn                I - ring "Douwnoda" {rC+ rCorr Int+5}

@: death channelling, flying
A: antennae 2, yellow scales 2, demonic guardian 3, powered by pain 1
}: 2/15 runes: decaying, gossamer
a: Renounce Religion, Unearth Wretches, Torment


You were on level 2 of the Orcish Mines.
You worshipped Kikubaaqudgha.
Kikubaaqudgha was exalted by your worship.
You visited 5 branches of the dungeon, and saw 30 of its levels.
You also visited: Ossuary.

You collected 3671 gold pieces.
You spent 744 gold pieces at shops.

Inventory:

Hand Weapons
 a - the +7 hammer "Noituah" {freeze, *Corrode Int+5 Stlth+}
   (You found it on level 5 of the Dungeon)

   Int:       It affects your intelligence (+5).
   *Corrode:  It may corrode you when you take damage.
   Stlth:     It makes you more stealthy.
Missiles
 B - 21 poisoned darts
 O - 6 curare-tipped darts
Armour
 f - the +2 cloak of Limp (worn) {rC+}
   (You bought it in a shop on level 11 of the Dungeon)

   rC:        It protects you from cold.
 w - a +2 robe of cold resistance (worn)
 C - a +0 pair of gloves of infusion (worn)
 N - the +2 pair of boots of a Million Friends (worn) {Int+3 SInv}
   (You found it on level 4 of the Spider Nest)

   Int:       It affects your intelligence (+3).
   SInv:      It lets you see invisible.
Magical Staves
 b - a staff of death (weapon)
Jewellery
 y - a ring of wizardry
 I - the ring "Douwnoda" (right hand) {rC+ rCorr Int+5}
   (You found it on level 2 of the Lair of Beasts)

   [ring of resist corrosion]

   Int:       It affects your intelligence (+5).
   rC:        It protects you from cold.
   rCorr:     It protects you from acid and corrosion.
 L - an amulet of regeneration (around neck)
 V - the ring "Zivari Zipn" (left hand) {Fly rF++ Str+4 Int+6 Dex-3}
   (You found it on level 1 of the Swamp)

   [ring of intelligence]

   Str:       It affects your strength (+4).
   Int:       It affects your intelligence (+6).
   Dex:       It affects your dexterity (-3).
   rF:        It greatly protects you from fire.
   Fly:       It grants you flight.
Wands
 q - a wand of roots (20)
 u - a wand of quicksilver (7)
 G - a wand of flame (13) (quivered)
 P - a wand of paralysis (30)
 Z - a wand of mindburst (4)
Scrolls
 c - 8 scrolls of immolation
 i - a scroll of silence
 k - 2 scrolls of brand weapon
 n - 9 scrolls of teleportation
 o - 3 scrolls of enchant weapon
 D - 3 scrolls of poison
 E - 2 scrolls of blinking
 F - 2 scrolls of fog
 K - 5 scrolls of enchant armour
 Q - a scroll of butterflies
 S - a scroll of torment
 T - a scroll of amnesia
Potions
 d - 5 potions of haste
 e - 6 potions of ambrosia
 g - a potion of lignification
 h - 3 potions of mutation
 j - 16 potions of curing
 l - 7 potions of brilliance
 m - 4 potions of invisibility
 r - 3 potions of cancellation
 x - 6 potions of resistance
 z - 9 potions of flight
 H - a potion of berserk rage
 J - 4 potions of attraction
 R - 2 potions of heal wounds
 U - a potion of might


   Skills:
 - Level 9.0 Fighting
 * Level 5.7 Dodging
 - Level 1.7 Stealth
 + Level 18.3 Spellcasting
 - Level 9.0 Summonings
 + Level 20.6 Necromancy
 + Level 3.2 Transmutations
 - Level 9.0 Ice Magic
 - Level 7.0 Earth Magic


You couldn't memorise any spells.
You knew the following spells:

 Your Spells              Type           Power      Damage    Failure   Level
a - Borgnjor's Vile Clut  Necr/Erth      60%        N/A       1%          5
b - Death Channel         Necr           69%        N/A       1%          6
c - Simulacrum            Ice/Necr       61%        N/A       1%          6
d - Haunt                 Necr/Summ      61%        N/A       1%          7
i - Infestation           Necr           69%        N/A       1%          8
k - Blink                 Tloc           70%        N/A       1%          2
n - Necromutation         Tmut/Necr      57%        N/A       36%         8
s - Anguish               Hex/Necr       54%        N/A       1%          4
u - Dispel Undead         Necr           100%       3d31      0%          4
w - Passwall              Tmut/Erth      55%        N/A       1%          2

Your spell library contained the following spells:

 Spells                   Type           Power      Damage    Failure   Level
 Kiss of Death            Conj/Necr      100%       2d13      0%          1
 Necrotise                Necr           100%       1d9       0%          1
 Vampiric Draining        Necr           100%       2d13      0%          3
 Animate Dead             Necr           100%       N/A       0%          4
 Agony                    Necr           100%       N/A       0%          5
 Sandblast                Erth           100%       2d20      1%          1
 Cigotuvi's Dreadful Rot  Necr/Pois/Air  100%       N/A       1%          2
 Lesser Beckoning         Tloc           70%        N/A       1%          2
 Momentum Strike          Conj/Tloc      70%        3d9       1%          2
 Scorch                   Fire           70%        2d9       1%          2
 Hailstorm                Conj/Ice       63%        3d13      1%          3
 Ignite Poison            Fire/Tmut/Pois 44%        N/A       1%          3
 Stone Arrow              Conj/Erth      100%       3d13      1%          3
 Summon Guardian Golem    Hex/Summ       63%        N/A       1%          3
 Animate Armour           Summ/Erth      100%       N/A       1%          4
 Ice Form                 Ice/Tmut       70%        N/A       1%          4
 Summon Ice Beast         Ice/Summ       82%        N/A       1%          4
 Lee's Rapid Deconstruct  Erth           37%        3d18*     1%          5
 Borgnjor's Revivificati  Necr           69%        N/A       1%          8
 Confusing Touch          Hex            35%        N/A       2%          3
 Dazzling Flash           Conj/Hex       70%        N/A       2%          3
 Inner Flame              Hex/Fire       35%        N/A       2%          3
 Kindle Blastsparks       Fire/Tloc/Air  70%        2d15      2%          3
 Tukima's Dance           Hex            35%        N/A       2%          3
 Summon Forest            Summ/Tloc      31%        N/A       3%          5
 Summon Mana Viper        Hex/Summ       63%        N/A       3%          5
 Summon Cactus Giant      Summ           41%        N/A       3%          6
 Flame Wave               Conj/Fire      35%        2d10      8%          4
 Fulminant Prism          Conj/Hex       17%        3d10      8%          4
 Iskenderun's Mystic Bla  Conj/Tloc      35%        2d8       8%          4
 Passage of Golubria      Tloc           35%        N/A       8%          4
 Sticky Flame             Conj/Fire      35%        2d5       8%          4
 Yara's Violent Unravell  Hex/Tmut       24%        3d11      12%         5
 Monstrous Menagerie      Summ           41%        N/A       17%         7
 Death's Door             Necr           69%        N/A       17%         9
 Silence                  Hex/Air        17%        N/A       22%         5
 Spellforged Servitor     Conj/Summ      31%        N/A       71%         7
 Orb of Destruction       Conj           17%        9d7       100%        7
 Ignition                 Fire           17%        3d7       100%        8
 Lehudib's Crystal Spear  Conj/Erth      29%        10d8      100%        8


Dungeon Overview and Level Annotations

Branches:
Dungeon (15/15)            Temple (0/1) D:5            Lair (5/5) D:9
  Swamp (4/4) Lair:2       Spider (4/4) Lair:3        Slime (0/5) Lair:4
    Orc (2/2) D:12         Vaults (0/5) D:14         Depths (0/4) D:15
Ossuary (visited)
    Elf: Orc:2

Altars:
Ashenzari
Cheibriados
Dithmenos
Fedhas
Kikubaaqudgha
Nemelex Xobeh
Okawaru
Trog
Vehumet
Jiyva

Shops:
D:6 :   D:8 (   D:11 (::*[   D:12 [   D:14 *   Orc:2 (=

Annotations:
D:4 2 runed translucent doors, MachoJfn's ghost, novice KoBr
D:5 1 runed translucent door, Crazy Yiuf
D:6 2 transporters
D:9 2 transporters, soul19's ghost, novice TrFi
Swamp:3 3 runed translucent doors, Fumiod's ghost, adept DjFE; Goud's ghost, adept BaIE; Iryalus's ghost, adept MfBe
Spider:3 exclusion: ice statue
Orc:1 2 runed translucent doors, Gogrithru's ghost, journeyman MeRe


Innate Abilities, Weirdness & Mutations

You have a pair of antennae on your head.
You are mostly covered in yellow scales. (AC +3)
A powerful demonic guardian rushes to your aid.
You sometimes gain a little power by taking damage.


Message History

Something hits the fungus.
Your death scarab bites the orc priest!
The orc priest dies!
Kikubaaqudgha accepts your kill.
You continue meditating on the rock.
The orc warrior no longer looks unusually strong.
Your wraith disappears in a puff of smoke! x2
Your death scarab bites the orc warrior.
Your death scarab draws strength from the orc warrior's injuries!
Your death scarab bites the orc knight!
Your death scarab drains the orc knight's vigour!
The orc knight seems to slow down.
Your death scarab draws strength from the orc knight's injuries!
Something barely misses your death scarab.
Your spectral orc wizard misses the troll.
The orc warlord roars a battlecry!
The orc warrior goes into a battle-frenzy!
Something hits your death scarab but does no damage.
The troll bites you!
* * * LOW HITPOINT WARNING * * *
A demonic guardian appears!
The troll claws you.
* * * LOW HITPOINT WARNING * * *
The troll misses you.
The orc warrior hits you with a +0 dire flail!
* * * LOW HITPOINT WARNING * * *
Your spectral orc knight barely misses the orc warrior.
You continue meditating on the rock.
Your death scarab bites the orc!
The orc dies!
Kikubaaqudgha accepts your kill.
A glowing mist starts to gather...
Your death scarab bites the orc knight!
Your death scarab drains the orc knight's vigour!
The orc knight seems to slow down.
Your death scarab draws strength from the orc knight's injuries!
Something hits your death scarab!
Your spectral orc wizard hits the troll.
Your spectral orc hits the troll but does no damage.
Something misses your death scarab. Something hits your death scarab.
Your death scarab convulses!
The troll closely misses you. The troll claws you!
You die...
Kikubaaqudgha rasps: "You have failed me!
Welcome... death!"

...P..
..........##........
......
...................#.
...P..
...........##.....#..
......
..P........#.........
.....
..^.................#
....
...P.................
...P........#........
............#........
..#..##@o............
......#TZ..##....####
.# #.ZZ2## .....#
##..## P...## .Z.o{{
.#).oBo. ....§§ooo.8
#. ....Po..o #.
.#P..o)∩.


You could see an orc warlord (strong, distracted, infested, slow), an orc knight
(strong, infested, slow), a troll (ally target), 2 orc warriors, an orc wizard
(strong), a friendly cacodemon (summoned), 2 friendly spectral orcs, a friendly
spectral orc wizard, a friendly spectral orc knight and a friendly death scarab.

Vanquished Creatures
  A broodmother (Spider:4)
  A spark wasp (Spider:4)
  Josephine (D:11)
  4 vault guards (D:14)
  An entropy weaver (Spider:1)
  6 hydras
  A spriggan air mage (Swamp:4)
  A death knight (D:15)
  3 catoblepae
  3 centaur warriors
  Erica (Lair:1)
  4 two-headed ogres
  2 radroaches
  6 boulder beetles
  2 death yaks (Lair:4)
  2 skysharks
  A skeletal warrior (D:14)
  A pharaoh ant (Lair:3)
  2 bog bodies (Lair:2)
  2 orb spiders (Spider:4)
  A wizard (D:15)
  A swamp dragon (Swamp:4)
  A phantasmal warrior (D:15)
  A wolf spider zombie (D:15)
  A necromancer (D:15)
  An orc knight (Orc:2)
  3 ugly things
  An oklob plant (Lair:2)
  3 cyclopes
  9 wolf spiders
  2 manticores
  3 deep elf pyromancers
  A black mamba (Lair:5)
  A centaur zombie (D:15)
  8 elephants
  3 cane toads
  A gargoyle (D:10)
  2 unseen horrors
  6 komodo dragons
  2 torpor snails
  4 rime drakes
  A centaur skeleton (D:15)
  2 freezing wraiths (D:15)
  7 meliai
  A troll (shapeshifter) (D:15)
  3 trolls
  2 polar bears (Lair:2)
  2 hornets
  2 tarantellas
  Grinder (D:5)
  Prince Ribbit (D:7)
  A wolf spider simulacrum (D:15)
  A meliai zombie (D:15)
  5 jumping spiders
  Sigmund (D:5)
  5 wyverns
  6 culicivoras
  A vampire (D:12)
  7 wraiths
  9 yaks
  10 vampire mosquitoes
  3 basilisks
  16 redbacks
  3 steam dragons
  8 water moccasins
  2 hell hounds (D:14)
  A swamp worm (Swamp:4)
  2 acid dragons
  5 orc warriors
  A swamp drake (Swamp:4)
  5 black bears
  2 ice beasts
  2 ogres
  3 boggarts (D:14)
  14 wolves
  5 centaurs
  2 phantoms (D:6)
  A kobold brigand (D:8)
  6 bullfrogs
  4 scorpions
  7 wights
  3 electric eels
  6 hounds
  9 orc priests
  2 jellies
  3 iguanas (D:6)
  Terence (D:2)
  10 orc wizards
  A mummy (Ossuary)
  3 adders
  A shadow imp (D:6)
  2 white imps (D:6)
  5 worms
  5 dart slugs
  28 orcs
  5 bats
  8 endoplasms
  4 giant cockroaches
  10 goblins
  5 hobgoblins
  6 jackals
  4 quokkas
  2 ball pythons (D:1)
  4 frilled lizards
  4 gnoll skeletons (Ossuary)
  14 kobolds
  8 kobold skeletons (Ossuary)
  13 orc skeletons (Ossuary)
  2 quokka zombies (D:8)
  4 rats
  A butterfly (Lair:3)
433 creatures vanquished.

Vanquished Creatures (collateral kills)
  5 emperor scorpions
  3 ghost moths (Spider:4)
  2 broodmothers
  2 green draconians (Swamp:2)
  4 spark wasps (Spider:2)
  Azrael (D:14)
  4 bunyips
  A dire elephant (Lair:5)
  3 fire dragons (Swamp:4)
  5 entropy weavers
  4 vault guards (D:14)
  An ice dragon (Spider:3)
  11 hydras
  A ghost crab (Swamp:4)
  A jorogumo (Spider:1)
  2 radroaches
  A catoblepas (Lair:5)
  2 centaur warriors (D:14)
  2 two-headed ogres
  14 death yaks
  2 boulder beetles (Spider:1)
  A tengu warrior (D:13)
  A deep troll shaman (Lair:5)
  5 alligators
  2 goliath frogs (Swamp:1)
  A fire crab (Swamp:4)
  4 pharaoh ants
  2 spriggan druids
  7 orb spiders
  6 steelbarb worms
  12 swamp dragons
  2 lindwurms (Swamp:4)
  2 bog bodies
  A wizard (D:15)
  15 wolf spiders
  2 orc knights (Orc:2)
  2 orc sorcerers (Orc:2)
  2 cyclopes
  3 will-o-the-wisps
  An ugly thing (D:13)
  15 elephants
  A salamander (Swamp:4)
  2 moths of wrath (Spider:4)
  A gargoyle (D:13)
  8 demonic crawlers
  Joseph (D:7)
  3 black mambas
  A torpor snail (Spider:4)
  3 cane toads (Lair:4)
  2 unseen horrors
  A rime drake (Lair:4)
  A tengu conjurer (D:13)
  A freezing wraith (D:15)
  3 komodo dragons
  A polar bear (Lair:4)
  5 meliai
  9 tyrant leeches
  8 hornets
  20 tarantellas
  19 blink frogs
  26 jumping spiders
  17 culicivoras
  A wraith (D:12)
  4 spriggans
  A basilisk (D:13)
  5 fire elementals (D:14)
  15 yaks
  A wyvern (Lair:4)
  5 steam dragons
  30 redbacks
  6 vampire mosquitoes
  11 swamp worms
  A warg (Orc:2)
  7 swamp drakes
  9 orc warriors (Orc:2)
  5 boggarts (D:14)
  An ogre (Orc:2)
  30 wolves
  2 bullfrogs (Lair:4)
  4 wights (D:7)
  5 electric eels
  3 howler monkeys (D:11)
  4 orc priests
  2 orc wizards (Orc:2)
  2 ufetubi (D:6)
  11 orcs
  A goblin (D:1)
  A frilled lizard (D:2)
  A butterfly (Lair:3)
  A fire vortex (Swamp:4)
459 creatures vanquished.

Vanquished Creatures (others)
  2 emperor scorpions (Spider:4)
  3 ghost moths (Spider:4)
  3 broodmothers (Spider:4)
  3 spark wasps (Spider:4)
  2 radroaches (Spider:4)
  2 jorogumos (Spider:4)
  A swamp dragon (Swamp:4)
  A steelbarb worm (Spider:4)
  A wolf spider (Spider:4)
  2 moths of wrath (Spider:4)
  2 torpor snails (Spider:4)
  A bloated husk (Swamp:4)
  2 tarantellas (Spider:4)
  2 jumping spiders (Spider:4)
  2 redbacks (Spider:4)
  5 swamp drakes (Swamp:4)
  A human (D:3)
  A komodo dragon zombie (D:7)
  A wight (D:7)
  An ogre zombie (D:5)
  2 human zombies
  An orc zombie (D:4)
  10 foxfires
  48 fungi
  50 plants
149 creatures vanquished.

Grand Total: 1041 creatures vanquished

Notes
Turn   | Place    | Note
-------+----------+-------------------------------------------
     0 | D:1      | Nacht the Demonspawn Necromancer began the quest for the
                  | Orb.
     0 | D:1      | Reached XP level 1. HP: 13/13 MP: 3/3
    94 | D:1      | Gained mutation: A weak demonic guardian rushes to your
                  | aid. [demonic ancestry]
    94 | D:1      | Reached XP level 2. HP: 18/19 MP: 1/5
   845 | D:1      | Reached skill level 5 in Necromancy
   845 | D:1      | Reached XP level 3. HP: 24/24 MP: 2/7
  1215 | D:1      | Learned a level 3 spell: Vampiric Draining
  1570 | D:2      | Noticed Terence
  1584 | D:2      | Killed Terence
  1585 | D:2      | Gained mutation: You have a pair of small antennae on your
                  | head. [demonic ancestry]
  1585 | D:2      | Reached XP level 4. HP: 18/30 MP: 8/8
  2386 | D:3      | Found a shadowy altar of Dithmenos.
  2591 | D:3      | Found a blossoming altar of Fedhas.
  2630 | D:3      | Found a faded altar of an unknown god.
  2691 | D:3      | Found an ancient bone altar of Kikubaaqudgha.
  2692 | D:3      | Noticed a human
  2695 | D:3      | Killed a human
  2779 | D:3      | Found a sparkling altar of Nemelex Xobeh.
  3156 | D:3      | Became a worshipper of Kikubaaqudgha
  3346 | D:4      | Reached XP level 5. HP: 35/35 MP: 10/10
  3360 | D:4      | Learned a level 4 spell: Animate Dead
  3401 | D:4      | Found a glowing drain.
  3496 | D:4      | Reached skill level 6 in Necromancy
  3595 | D:4      | Found a large runed translucent door.
  3595 | D:4      | Found a large runed translucent door.
  3686 | D:4      | Noticed MachoJfn's ghost (novice KoBr)
  4457 | D:5      | Entered Level 5 of the Dungeon
  4463 | D:5      | Gained mutation: You are partially covered in yellow
                  | scales. (AC +2) [demonic ancestry]
  4463 | D:5      | Reached XP level 6. HP: 41/41 MP: 12/12
  4532 | D:5      | Found a staircase to the Ecumenical Temple.
  4537 | D:5      | Noticed an ice beast
  4543 | D:5      | Killed an ice beast
  4609 | D:5      | Noticed Grinder
  4696 | D:5      | Noticed Sigmund
  4703 | D:5      | Killed Sigmund
  4704 | D:5      | Reached skill level 5 in Spellcasting
  4704 | D:5      | Reached skill level 7 in Necromancy
  4704 | D:5      | Reached XP level 7. HP: 46/46 MP: 6/14
  4715 | D:5      | Your ally Sigmund died
  4884 | D:5      | Reached * piety under Kikubaaqudgha
  4884 | D:5      | Received a gift from Kikubaaqudgha
  5011 | D:5      | Reached skill level 8 in Necromancy
  5294 | D:5      | Paralysed by Grinder for 2 turns
  5302 | D:5      | Killed Grinder
  5303 | D:5      | Reached XP level 8. HP: 47/52 MP: 17/17
  5361 | D:5      | Found a runed translucent door.
  5362 | D:5      | Noticed Crazy Yiuf
  5514 | D:5      | Identified the +7 hammer "Noituah" {freeze, *Corrode Int+5
                  | Stlth+}
  5535 | D:6      | Found Ysilluesk's Book Emporium.
  5679 | D:6      | Reached skill level 9 in Necromancy
  5756 | D:6      | Noticed a kobold demonologist
  5757 | D:6      | Found a transporter.
  5781 | D:6      | Learned a level 2 spell: Blink
  5894 | D:6      | Found a transporter.
  5928 | D:6      | Found a broken altar of Ashenzari.
  6129 | D:6      | Found a snail-covered altar of Cheibriados.
  6437 | D:6      | Found an iron altar of Okawaru.
  6496 | D:7      | Noticed a komodo dragon
  6499 | D:7      | Noticed Prince Ribbit
  6505 | D:7      | Killed a komodo dragon
  6506 | D:7      | Reached skill level 10 in Necromancy
  6506 | D:7      | Reached XP level 9. HP: 52/57 MP: 14/21
  6509 | D:7      | Killed Prince Ribbit
  6651 | D:7      | Noticed Joseph
  6660 | D:7      | Killed Joseph
  6797 | D:7      | Your ally Prince Ribbit died
  6803 | D:7      | Reached ** piety under Kikubaaqudgha
  7000 | D:7      | Reached skill level 10 in Spellcasting
  7037 | D:7      | Found a bloodstained altar of Trog.
  7069 | D:7      | HP: 1/49 [wight/+3 morningstar (11)]
  7339 | D:7      | Reached skill level 1 in Ice Magic
  7339 | D:7      | Reached skill level 1 in Earth Magic
  7434 | D:8      | Found a sand-covered staircase.
  7483 | D:8      | Found a radiant altar of Vehumet.
  7898 | Ossuary  | Entered an ossuary
  8230 | Ossuary  | Identified a scroll of acquirement
  8231 | Ossuary  | Acquired a book of Unlife
  8242 | Ossuary  | Learned a level 6 spell: Death Channel
  8248 | Ossuary  | Learned a level 5 spell: Borgnjor's Vile Clutch
  8331 | D:8      | Found Reetek's Firing Range.
  8427 | D:8      | Reached *** piety under Kikubaaqudgha
  8427 | D:8      | Received a gift from Kikubaaqudgha
  8443 | D:8      | Learned a level 4 spell: Anguish
  8904 | D:9      | Gained mutation: A demonic guardian rushes to your aid.
                  | [demonic ancestry]
  8904 | D:9      | Reached XP level 10. HP: 41/63 MP: 24/24
  8991 | D:9      | Learned a level 2 spell: Passwall
  9156 | D:9      | Found a staircase to the Lair.
  9357 | D:9      | Reached skill level 5 in Earth Magic
  9674 | D:9      | Found a transporter.
  9680 | D:9      | Found a transporter.
  9681 | D:9      | Noticed soul19's ghost (novice TrFi)
  9875 | D:10     | Entered Level 10 of the Dungeon
 10086 | D:10     | Noticed a gargoyle
 10105 | D:10     | Killed a gargoyle
 10783 | D:10     | Noticed a two-headed ogre
 10793 | D:10     | Killed a two-headed ogre
 11013 | D:11     | Noticed a cyan ugly thing
 11024 | D:11     | Killed a cyan ugly thing
 11118 | D:11     | Found Akheugeas's Book Shop.
 11133 | D:11     | Noticed a cyclops
 11142 | D:11     | Killed a cyclops
 11143 | D:11     | Gained mutation: You have a pair of antennae on your head.
                  | [demonic ancestry]
 11143 | D:11     | Reached XP level 11. HP: 43/68 MP: 24/25
 11508 | Lair:1   | Entered Level 1 of the Lair of Beasts
 11548 | Lair:1   | Reached skill level 11 in Necromancy
 11687 | Lair:1   | Reached skill level 5 in Ice Magic
 11894 | Lair:1   | Noticed Erica
 11902 | Lair:1   | Killed Erica
 11903 | Lair:1   | Reached skill level 1 in Fighting
 12277 | Lair:2   | Noticed a bog body
 12277 | Lair:2   | Noticed a bog body
 12277 | Lair:2   | Found a staircase to the Swamp.
 12366 | Lair:2   | Killed a bog body
 12415 | Lair:2   | Killed a bog body
 12827 | Lair:2   | Identified the ring "Douwnoda" {rC+ rCorr Int+5}
 13054 | Lair:2   | Noticed an oklob plant
 13060 | Lair:2   | Killed an oklob plant
 14295 | Lair:3   | Noticed a four-headed hydra
 14435 | Lair:3   | Reached **** piety under Kikubaaqudgha
 14661 | Lair:3   | Noticed a catoblepas
 14683 | Lair:3   | Killed a catoblepas
 14688 | Lair:3   | Gained mutation: A powerful demonic guardian rushes to your
                  | aid. [demonic ancestry]
 14688 | Lair:3   | Reached XP level 12. HP: 83/83 MP: 5/27
 15060 | Lair:3   | Reached skill level 12 in Necromancy
 15329 | Lair:3   | Found a hole to the Spider Nest.
 15348 | Lair:3   | Learned a level 6 spell: Simulacrum
 15665 | Lair:3   | Killed a four-headed hydra
 15942 | Lair:4   | Reached skill level 5 in Fighting
 16086 | Lair:4   | You fall into a shaft and drop 1 floor!
 16086 | Lair:5   | Entered Level 5 of the Lair of Beasts
 16086 | Lair:5   | Noticed a boulder beetle
 16086 | Lair:5   | Noticed a five-headed hydra
 16089 | Lair:5   | Noticed a death yak
 16089 | Lair:5   | Noticed a death yak
 16089 | Lair:5   | Noticed a death yak
 16091 | Lair:4   | Noticed a death yak
 16091 | Lair:4   | Noticed a death yak
 16091 | Lair:4   | Noticed a death yak
 16093 | Lair:4   | Noticed a death yak
 16094 | Lair:4   | Noticed a death yak
 16415 | Lair:4   | Identified the +5 longbow "Iphan" {elec, rF+ Will- Int+2}
 16448 | Lair:4   | Noticed a death yak
 16455 | Lair:4   | Reached skill level 1 in Summonings
 16457 | Lair:4   | Killed a death yak
 16457 | Lair:4   | Noticed a death yak
 16461 | Lair:4   | Killed a death yak
 16528 | Lair:4   | Reached ***** piety under Kikubaaqudgha
 16803 | Lair:4   | Noticed a death yak
 16807 | Lair:4   | Killed a death yak
 16809 | Lair:4   | Killed a death yak
 16809 | Lair:4   | Noticed a death yak
 16810 | Lair:4   | Gained mutation: You sometimes gain a little power by
                  | taking damage. [demonic ancestry]
 16810 | Lair:4   | Reached XP level 13. HP: 94/94 MP: 5/29
 16814 | Lair:4   | Reached skill level 13 in Necromancy
 18009 | Lair:4   | Reached skill level 5 in Summonings
 18522 | Lair:4   | Found a viscous altar of Jiyva.
 18522 | Lair:4   | Found a staircase to the Slime Pits.
 19093 | Lair:4   | Found a viscous altar of Jiyva.
 19094 | Lair:4   | Found a staircase to the Slime Pits.
 20057 | Lair:5   | Reached skill level 14 in Necromancy
 20364 | Lair:5   | Gained mutation: You are mostly covered in yellow scales.
                  | (AC +3) [demonic ancestry]
 20364 | Lair:5   | Reached XP level 14. HP: 106/106 MP: 2/31
 22107 | Lair:5   | Acquired the +1 pair of boots of Hosufuo {Int+4 Stlth-}
 22108 | Lair:5   | Acquired 1089 gold pieces
 22369 | D:11     | Found Banucs's Armour Boutique.
 22378 | D:11     | Found Xestrer's General Store.
 22485 | D:11     | Bought the +2 cloak of Limp {rC+} for 370 gold pieces
 22925 | D:11     | Bought a book of Touch for 374 gold pieces
 22939 | D:10     | Learned a level 4 spell: Dispel Undead
 23323 | D:11     | Found Juaram's Antique Weapon Shop.
 23374 | D:11     | Found Xaxow's Book Boutique.
 23375 | D:11     | Noticed Josephine
 23386 | D:11     | Killed Josephine
 24328 | D:12     | Found Cheibriados's Comfort Zone.
 24330 | D:12     | Found a snail-covered altar of Cheibriados.
 24446 | D:12     | Reached skill level 15 in Necromancy
 24714 | D:12     | You fall into a shaft and drop 2 floors!
 24975 | D:14     | Found Xudal's Assorted Antiques.
 25327 | D:14     | Noticed Azrael
 25564 | D:13     | Reached ****** piety under Kikubaaqudgha
 25640 | D:14     | Killed Azrael
 26595 | D:14     | Found a gate to the Vaults.
 26616 | D:14     | Reached XP level 15. HP: 113/113 MP: 13/33
 27858 | D:14     | Found Xudal's Assorted Antiques.
 28685 | D:14     | Found a gate to the Vaults.
 28908 | D:14     | Found Xudal's Assorted Antiques.
 29089 | D:15     | Entered Level 15 of the Dungeon
 29191 | D:15     | Reached skill level 16 in Necromancy
 29395 | D:15     | Found an ancient bone altar of Kikubaaqudgha.
 30224 | D:15     | Found a staircase to the Depths.
 30688 | D:15     | Received a gift from Kikubaaqudgha
 30697 | D:15     | Learned a level 7 spell: Haunt
 30901 | D:13     | Reached skill level 15 in Spellcasting
 31106 | D:13     | Identified the +0 great sword "Rigem" {flame, Drain rElec
                  | rPois Int+3}
 31714 | D:12     | Found a staircase to the Orcish Mines.
 32148 | Spider:1 | Entered Level 1 of the Spider Nest
 32552 | Spider:1 | Reached skill level 17 in Necromancy
 32715 | Spider:1 | Noticed an emperor scorpion
 32725 | Spider:1 | Killed an emperor scorpion
 33821 | Spider:1 | Learned a level 8 spell: Infestation
 34564 | Spider:2 | Reached XP level 16. HP: 109/120 MP: 23/36
 35131 | Spider:2 | Reached skill level 18 in Necromancy
 37210 | Spider:4 | Entered Level 4 of the Spider Nest
 37769 | Spider:4 | Reached skill level 19 in Necromancy
 40115 | Spider:4 | Reached XP level 17. HP: 125/125 MP: 6/38
 40270 | Spider:4 | Identified the +2 pair of boots of a Million Friends {Int+3
                  | SInv}
 40283 | Spider:4 | Got a gossamer rune of Zot
 40521 | Swamp:1  | Entered Level 1 of the Swamp
 40961 | Swamp:1  | Identified the ring "Zivari Zipn" {Fly rF++ Str+4 Int+6
                  | Dex-3}
 41414 | Swamp:2  | Reached skill level 20 in Necromancy
 42872 | Swamp:3  | Identified the +0 great mace of Kumpaoc {elec, Int+3}
 43366 | Swamp:3  | Found a runed translucent gate.
 43366 | Swamp:3  | Found a runed translucent gate.
 43367 | Swamp:3  | Found a runed translucent gate.
 43369 | Swamp:3  | Noticed Iryalus's ghost (adept MfBe)
 43369 | Swamp:3  | Noticed Fumiod's ghost (adept DjFE)
 43369 | Swamp:3  | Noticed Goud's ghost (adept BaIE)
 43640 | Swamp:3  | Learned a level 8 spell: Necromutation
 43641 | Swamp:4  | Entered Level 4 of the Swamp
 43853 | Swamp:4  | Reached skill level 1 in Transmutations
 44229 | Swamp:4  | Reached skill level 5 in Dodging
 45092 | Swamp:4  | Got a decaying rune of Zot
 45451 | Orc:1    | Entered Level 1 of the Orcish Mines
 45709 | Orc:1    | Found a large runed translucent door.
 45709 | Orc:1    | Found a large runed translucent door.
 45710 | Orc:1    | Noticed Gogrithru's ghost (journeyman MeRe)
 46100 | Orc:2    | Entered Level 2 of the Orcish Mines
 46151 | Orc:2    | Found Binaomm's Antique Weapon Shop.
 46278 | Orc:2    | Found Quargheaq's Jewellery Shoppe.
 46294 | Orc:2    | HP: 3/125 [orc warrior/+0 dire flail (10)]
 46295 | Orc:2    | Slain by a troll

Illustrated notes

Levels and vault maps discovered:
D:1:      co_arrival_square_in_a_square_in_a_square, layout_loops_cross,
          skrybe_limestone_x, nicolae_kite_square_tiling_tiny,
          chequers_serial_rivers_marsh
D:2:      layout_basic, st_stairs_2, minmay_vboxes, uniq_terence
D:3:      layout_rooms, mainiacjoe_overflow_cross_hatched,
          mainiacjoe_overflow_six_doors_small,
          nicolae_overflow_ecumenical_swirl, tgw_kikubaaqudgha,
          mainiacjoe_overflow_chevrons, chequers_arboretum,
          roderic_roman_lattice
D:4:      layout_basic, cheibrodos_sewer_entry_drain,
          ebering_ghost_disaster_area
D:5:      nicolae_cairo_tiling, layout_cave_pools, minmay_temple_entry_junction,
          uniq_sigmund, uniq_crazy_yiuf_cottage, uniq_grinder
D:6:      gammafunk_wand_slinger, layout_rooms, kennysheep_mini,
          mainiacjoe_overflow_alcove_4, nicolae_overflow_hidden_temple,
          serial_shops, shop
D:7:      layout_cave_pools, mainiacjoe_overflow_alcove_1, uniq_prince_ribbit1,
          uniq_joseph
D:8:      layout_loops_cross, lemuel_tele_altar, enter_ossuary_4,
          nicolae_shop_firing_range
D:9:      layout_cave_pools, erik_lair_island, gammafunk_ghost_hive,
          kennysheep_boxes
D:10:     layout_roguey
D:11:     layout_stronghold, serial_shops, nicolae_shop_behind_doors,
          kennysheep_mini_moat, nicolae_diamond_shop, shop,
          nicolae_stop_n_shop_1, uniq_josephine
D:12:     layout_cave_pools, orc_0_dummy, serial_column_ruins,
          column_ruins_hut_ruined, column_ruins_hut_water,
          column_ruins_open_small, column_ruins_columns_plus,
          column_ruins_grid_1, column_ruins_grid_3, minmay_shop_chei
D:13:     layout_loops_ring
D:14:     minmay_inside_and_out, layout_long_grid, erik_vaults_2, serial_shops,
          shop, grunt_decor_one_mirror, uniq_azrael
D:15:     grunt_enter_depths_magical_seal, layout_loops_ring,
          chequers_serial_rivers_micro_d, dreamdust_princess_bridge,
          nicolae_kikubaaqudgha_miasma_corner
Lair:1:   layout_long_grid, uniq_erica
Lair:2:   layout_regular_city, skrybe_swamp_entry_bodies,
          pdpol_lair_cavern_descent, infiniplex_staircase_pool_2
Lair:3:   layout_regular_city, nicolae_spider_entry_lesser_pyramids,
          serial_bayou_shore_b, grunt_megastairs_4, infiniplex_staircase_pool,
          lemuel_fruit_fields
Lair:4:   layout_hall_layers, dpeg_slime_entry_enclosed,
          grunt_forest_large_clearings
Lair:5:   grunt_lair_end_beastmaster, layout_gridlike
Swamp:1:  layout_falls_marsh, evilmike_swamp_ruin_rubble_1, swamp_pool2
Swamp:2:  layout_basic_swamp, evilmike_swamp_ruin_house_6, swamp_pool2,
          hangedman_swamp_dais
Swamp:3:  layout_basic_swamp, gammafunk_ghost_cemetery, hangedman_swamp_blocks,
          swamp_pool4
Swamp:4:  swamp_fiery, layout_basic_swamp
Spider:1: layout_spider_delve, nicolae_spider_webbed_stairs
Spider:2: layout_spider_delve, nicolae_spider_bzzzt
Spider:3: cheibrodos_spider_silkery, portal_ice_cave_entry_ice_statue_two
Spider:4: spider_rune_water
Orc:1:    layout_caves, ebering_ghost_disaster_area
Orc:2:    grunt_orc_gardens, layout_caves, grunt_orc_garden, grunt_orc_garden,
          grunt_orc_garden, grunt_orc_garden, gammafunk_ghost_berserking_beasts,
          basic_altar

Skill      XL: |  1  2  3  4  5  6  7  8  9 10 11 12 13 14 15 16 17 |
---------------+----------------------------------------------------+-----
Necromancy     | 5 6 7 8 10 11 12 14 15 17 19 20 | 20.6
Spellcasting   | 3 4 5 6 8 10 11 12 13 14 16 17 18 | 18.3
Ice Magic      | 3 4 7 9 |  9.0
Earth Magic    | 3 6 7 |  7.0
Fighting       | 4 6 8 9 |  9.0
Summonings     | 3 6 9 |  9.0
Dodging        | 5 |  5.7
Transmutations | 3 |  3.2
Stealth        | |  1.7

Action                     |  1- 3 |  4- 6 |  7- 9 | 10-12 | 13-15 | 16-18 || total
---------------------------+-------+-------+-------+-------+-------+-------++-------
  Melee: Unarmed           |     6 |       |       |       |       |       ||     6
         Short sword       |       |     8 |       |       |       |       ||     8
         Mace              |       |       |   104 |       |       |       ||   104
         Punch             |       |       |     1 |       |     2 |       ||     3
         Staff             |       |       |       |    13 |    95 |    32 ||   140
  Throw: Dart              |       |       |       |       |     8 |       ||     8
   Cast: Necrotise         |    87 |    43 |    15 |     6 |       |       ||   151
         Vampiric Draining |       |    51 |    52 |       |       |       ||   103
         Animate Dead      |       |     2 |     4 |       |       |       ||     6
         Borgnjor's Vile C |       |       |     7 |   130 |   157 |    83 ||   377
         Death Channel     |       |       |       |    13 |    70 |    42 ||   125
         Simulacrum        |       |       |       |    23 |   181 |   118 ||   322
         Dispel Undead     |       |       |       |       |    26 |       ||    26
         Haunt             |       |       |       |       |    20 |    58 ||    78
         Infestation       |       |       |       |       |     2 |    35 ||    37
         Passwall          |       |       |       |       |       |     1 ||     1
 Invoke: Receive Forbidden |       |       |       |       |     1 |       ||     1
         Unearth Wretches  |       |       |       |       |       |     7 ||     7
  Evoke: Wand              |       |       |    10 |     2 |     7 |       ||    19
    Use: Potion            |     2 |       |     3 |     1 |     4 |     8 ||    18
         Scroll            |       |     6 |    14 |     8 |    17 |     6 ||    51
   Stab: Sleeping          |       |       |     5 |       |       |       ||     5
         Distracted        |       |       |     1 |       |     1 |       ||     2
         Paralysed         |       |       |       |       |       |     1 ||     1
 Armour: Robe              |    11 |    13 |    58 |    62 |   251 |    84 ||   479
  Dodge: Dodged            |    30 |    40 |   118 |    75 |   231 |   160 ||   654

Table legend: (Time is in decaauts)
 A = Elapsed time spent in this place.
 B = Non-inter-level travel time spent in this place.
 C = Inter-level travel time spent in this place.
 D = Time resting spent in this place.
 E = Time spent auto-exploring this place.
 F = Levels seen in this place.
 G = Mean time per level.
                   A        B        C        D        E       F      G
               +--------+--------+--------+--------+--------+-----+--------+
         Total |  46478 |  44044 |   2434 |     33 |  37295 |  31 | 1499.3 |
       Dungeon |  21030 |  19776 |   1254 |     33 |  16636 |  15 | 1402.0 |
          Lair |  11055 |  10461 |    594 |      0 |   8928 |   5 | 2211.0 |
         Swamp |   4819 |   4657 |    162 |      0 |   4004 |   4 | 1204.8 |
   Spider Nest |   8327 |   7924 |    403 |      0 |   6794 |   4 | 2081.8 |
  Orcish Mines |    846 |    827 |     19 |      0 |    703 |   2 |  423.0 |
       Ossuary |    399 |    399 |      0 |      0 |    229 |   1 |  399.0 |
               +--------+--------+--------+--------+--------+-----+--------+

Top non-repeatable levels by time:
    D:14: 4511 daAuts
  Lair:4: 3830 daAuts
Spider:4: 2982 daAuts
  Lair:5: 2461 daAuts
  Lair:2: 2190 daAuts
Spider:2: 2005 daAuts
    D:11: 1845 daAuts
Spider:1: 1791 daAuts
  Lair:3: 1728 daAuts
    D:10: 1665 daAuts
 Swamp:4: 1618 daAuts
    D:15: 1584 daAuts
Spider:3: 1547 daAuts
 Swamp:2: 1313 daAuts
     D:1: 1217 daAuts
